 Dungeon Crawl Stone Soup version 0.29-a0-317-gd16b76e6b1 (webtiles) character file.

Game seed: 3168387322223041186

8 Ajdolov the Ruffian (level 2, -1/16 HPs)
             Began as a Vine Stalker Cinder Acolyte on Mar 30, 2022.
             Was a High Priest of Ignis.
             Succumbed to a kobold's poison
             ... on level 1 of the Dungeon.
             The game lasted 00:00:33 (862 turns).

Ajdolov the Ruffian (Vine Stalker Cinder Acolyte)    Turns: 862, Time: 00:00:34

Health: -1/16      AC:  2    Str: 16    XL:     2   Next: 8%
Magic:  3/4        EV: 11    Int: 14    God:    Ignis [*****.]
Gold:   34         SH:  0    Dex:  9    Spells: 3/3 levels left

rFire   + . .      SeeInvis .     - Unarmed
rCold   . . .      Faith    .   (no shield)
rNeg    . . .      Spirit   +   a - +0 robe
rPois   .          Reflect  .   (no helmet)
rElec   .          Harm     .   (no cloak)
rCorr   .          Rampage  .   (no gloves)
Will    .....                   (no boots)
Stlth   +.........              (no amulet)
HPRegen 0.05/turn               (no ring)
MPRegen 0.09/turn               (no ring)

@: lethally poisoned (-1 -> -16)
A: fangs 2, magic shield, antimagic bite, no potion heal 2
a: Renounce Religion, Fiery Armour, Foxfire Swarm, Rising Flame


You were on level 1 of the Dungeon.
You worshipped Ignis.
Ignis was extremely pleased with you.
You visited 1 branch of the dungeon, and saw 1 of its levels.

You collected 34 gold pieces.

Inventory:

Armour
 a - a +0 robe (worn)
Scrolls
 b - a scroll of amnesia {unknown}
 d - a scroll of noise {unknown}
 e - a scroll of blinking {unknown}
Potions
 c - a potion of heal wounds {unknown}


   Skills:
 * Level 3.0 Fighting
 * Level 3.2 Unarmed Combat
 - Level 1.1 Spellcasting
 - Level 3.0 Fire Magic


You had 3 spell levels left.
You didn't know any spells.
Your spell library contained the following spells:

 Spells                   Type           Power      Damage    Failure   Level
 Scorch                   Fire           18%        2d6       12%         2


Dungeon Overview and Level Annotations

Branches:
Dungeon (1/15)

Altars:

Shops:
D:1 *


Innate Abilities, Weirdness & Mutations

You have extremely sharp teeth.
When hurt, damage is shared between your health and your magic reserves.
Your bite disrupts and absorbs the magic of your enemies.
Potions cannot restore your health.


Message History

You have reached level 2!
You open the door.
There is an open door here.
There is an entrance to Zep Azopn's Assorted Antiques here.
A bat comes into view.
The bat hits you but does no damage.
You hit the bat.
You kill the bat!
No target in view!
You now have 25 gold pieces (gained 11).
You now have 33 gold pieces (gained 8).
e - a scroll labelled HAZAAN RUA You now have 34 gold pieces (gained 1).
An endoplasm comes into view.
An endoplasm is nearby!
A kobold comes into view.
It is wielding a +1 short sword of venom.
The kobold shouts!
A dart slug comes into view.
Found a scroll labelled BEOG TIBRYADIGH.
The endoplasm quivers.
The dart slug launches a dart at you. The slug dart misses you.
A kobold comes into view. It is wielding a +0 club.
The kobold hits you with a +1 short sword of venom.
You are lethally poisoned!
The kobold shouts!
You hit the endoplasm.
You punch the endoplasm, but do no damage.
You bite the endoplasm. You drain its power.
The endoplasm is almost dead.
You feel very sick.
Unknown command.
The endoplasm attacks as you move away! The endoplasm misses you.
You feel sick. The kobold attacks as you move away!
The kobold hits you with a +1 short sword of venom.
You are more poisoned.
* * * LOW HITPOINT WARNING * * *
You feel very sick.
You die...

...........####
..............
............#
............#
......w.....#
.?..K.......#
........J...#
........K...#
#########@#.#
#.#.# #.#.#
#.#.# #.#.#
#.#.# ..#.# ##
#....# ###.# .#
#....# #.#


You could see a dart slug, an endoplasm and 2 kobolds.

Vanquished Creatures
  A hobgoblin (D:1)
  A ball python (D:1)
  A bat (D:1)
  2 goblins (D:1)
  2 kobolds (D:1)
  2 rats (D:1)
9 creatures vanquished.

Notes
Turn   | Place    | Note
-------+----------+-------------------------------------------
     0 | D:1      | Ajdolov the Vine Stalker Cinder Acolyte began the quest for
                  | the Orb.
     0 | D:1      | Reached XP level 1. HP: 11/11 MP: 3/3
   543 | D:1      | Found Zep Azopn's Assorted Antiques.
   558 | D:1      | Reached XP level 2. HP: 5/16 MP: 2/4
   862 | D:1      | Succumbed to a kobold's poison

Illustrated notes

Levels and vault maps discovered:
D:1:      eino_arrival_cavern_e, layout_basic, serial_shops, shop

Skill      XL: |  1 |
---------------+----+-----
Fighting       | 3 |  3.0
Unarmed Combat | |  3.2
Spellcasting   | |  1.1
Fire Magic     | |  3.0

Action                   || total
-------------------------++-------
Melee: Unarmed           ||    33
       Bite              ||     6
       Punch             ||     1
Armor: Robe              ||     5
Dodge: Dodged            ||    19

Table legend: (Time is in decaauts)
 A = Elapsed time spent in this place.
 B = Non-inter-level travel time spent in this place.
 C = Inter-level travel time spent in this place.
 D = Time resting spent in this place.
 E = Time spent auto-exploring this place.
 F = Levels seen in this place.
 G = Mean time per level.
                   A        B        C        D        E       F      G
               +--------+--------+--------+--------+--------+-----+--------+
         Total |    859 |    859 |      0 |      0 |    788 |   1 |  859.0 |
       Dungeon |    859 |    859 |      0 |      0 |    788 |   1 |  859.0 |
               +--------+--------+--------+--------+--------+-----+--------+

Top non-repeatable levels by time:
     D:1: 859 daAuts
